 Dungeon Crawl Stone Soup version 0.31.0-11-ge490571c62 (webtiles) character file.

Game seed: 420357688603783169

343 qw the Shooter (level 6, -9/30 HPs)
             Began as a Spriggan Hunter on Feb 3, 2024.
             Mangled by a gnoll
             ... wielding a +2 halberd of protection
              (18 damage)
             ... on level 3 of the Dungeon.
             The game lasted 00:00:14 (2429 turns).

qw the Shooter (Spriggan Hunter)                    Turns: 2429, Time: 00:00:14

Health: -9/30      AC:  2    Str:  7    XL:     6   Next: 31%
Magic:  7/7        EV: 26    Int: 11    God:
Gold:   106        SH:  0    Dex: 20    Spells: 5/5 levels left

rFire   . . .        a - +0 shortbow
rCold   . . .        (shield currently unavailable)
rNeg    . . .        c - +0 robe
rPois   .            (helmet restricted)
rElec   .            (no cloak)
rCorr   .            (gloves unavailable)
SInv    +            (boots unavailable)
Will    +....        (no amulet)
Stlth   ++           d - +5 ring of evasion
HPRegen 0.25/turn    (no ring)
MPRegen 0.10/turn

%: no passive effects
@: very quick
A: very small, no large weapons, unfitting armour, see invisible, speed 3
a: no special abilities


You were on level 3 of the Dungeon.
You visited 1 branch of the dungeon, and saw 3 of its levels.

You collected 106 gold pieces.


Innate Abilities, Weirdness & Mutations

You are very small and have problems with some larger weapons.
You are too small for most types of armour.
You have supernaturally acute eyesight. (SInv)
You cover ground extremely quickly. (Speed+++)


   Skills:
 - Level 2.1 Fighting
 + Level 6.1 Ranged Weapons
 - Level 6.0 Dodging
 - Level 1.5 Stealth


You had 5 spell levels left.
You didn't know any spells.
Your spell library was empty.

Inventory:

Hand Weapons
 a - a +0 shortbow (weapon)
Armour
 c - a +0 robe (worn)
Jewellery
 d - a +5 ring of evasion (left hand)
 f - a ring of fire
 h - a +6 ring of dexterity
 i - a +6 ring of strength
Wands
 e - a wand of iceblast (6)
Scrolls
 l - a scroll of summoning {unknown}
 m - a scroll of brand weapon {unknown}
Potions
 b - a potion of might {unknown}
 g - a potion of attraction {unknown}
 j - a potion of haste {unknown}
 k - 2 potions of curing {unknown}

Dungeon Overview and Level Annotations

Branches:
Dungeon (3/15)

Altars:


Message History

The gnoll is almost dead.
The gnoll misses you.
You shoot an arrow. The arrow closely misses the gnoll.
The gnoll barely misses you.
You shoot an arrow. The arrow hits the gnoll.
You kill the gnoll!
You start resting.
An orc comes into view. It is wielding a +0 hand axe.
2414 ||| FLEEEEING.
You start resting.
An orc is nearby!
2416 ||| FLEEEEING.
There is a huge open gate here.
You start resting.
A gnoll is nearby!
You shoot an arrow. The arrow closely misses the gnoll.
The gnoll shouts!
You shoot an arrow. The arrow completely misses the gnoll.
You shoot an arrow. The arrow hits the gnoll.
The gnoll is moderately wounded.
You shoot an arrow. The arrow barely misses the gnoll.
You shoot an arrow. The arrow hits the gnoll.
The gnoll is moderately wounded.
You shoot an arrow. The arrow hits the gnoll.
The gnoll is heavily wounded.
The gnoll closely misses you.
You shoot an arrow. The arrow hits the gnoll.
The gnoll is severely wounded.
The gnoll completely misses you.
You shoot an arrow. The arrow hits the orc.
The orc is lightly wounded.
The gnoll barely misses you. The orc hits you with a +0 hand axe.
You shoot an arrow. The arrow hits the orc!
You kill the orc!
The gnoll closely misses you.
You shoot an arrow. The arrow hits the gnoll.
The gnoll is severely wounded.
The gnoll hits you from afar with a +2 halberd of protection!!
Ouch! That really hurt!
You die...

..%...).............####.# #.#
.........##..............####.#
......#######.................###
.................................
~~~~~~~~~~~~~~~....~~~~~~~~~~~~~~
~~~~~~~~~~~~~~~....~~~~~~~~~~~~~~
~~~~~~~~~~....~~~~~~~~~~~~##
.........g................#.
##########'@''#############. #
#.^.)...#.)..# #+ #
#.......#....# #
#.)...o.)....$)..... #
#o##################' #


#gg # #... # '#.... # ...... You could see a gnoll.

Vanquished Creatures
  A hound (D:3)
  An orc wizard (D:3)
  Natasha (twice) (D:2)
  10 gnolls
  2 adders (D:2)
  3 ribbon worms (D:2)
  12 orcs (D:3)
  5 ball pythons
  7 bats
  7 endoplasms
  5 giant cockroaches
  5 goblins
  6 hobgoblins
  15 jackals
  5 quokkas
  2 frilled lizards (D:1)
  5 kobolds
  8 rats
101 creatures vanquished.

Notes
Turn   | Place    | Note
-------+----------+-------------------------------------------
     0 | D:1      | qw the Spriggan Hunter began the quest for the Orb.
     0 | D:1      | Reached XP level 1. HP: 10/10 MP: 2/2
     0 | D:1      | 0 ||| qw: Version: 0.3-a-158-g18b3111
     0 | D:1      | 0 ||| qw: Game counter: 4106
     0 | D:1      | 0 ||| qw: Melee chars always use a shield: true
     0 | D:1      | 0 ||| qw: God list: Okawaru
     0 | D:1      | 0 ||| qw: Allow faded altars: false
     0 | D:1      | 0 ||| qw: Do Orc after clearing Dungeon:15 true
     0 | D:1      | 0 ||| qw: Do second Lair branch before Depths: true
     0 | D:1      | 0 ||| qw: Lair rune preference: random
     0 | D:1      | 0 ||| qw: Goals: Normal
     0 | D:1      | 0 ||| PLANNING D:1-11
    67 | D:1      | Reached skill level 3 in Dodging
   111 | D:1      | Reached XP level 2. HP: 14/14 MP: 3/3
   320 | D:1      | You fall into a shaft and drop 1 floor!
   359 | D:2      | 359 ||| READING scroll labelled CONWINYWIWN.
   360 | D:2      | 360 ||| READING 2 scrolls labelled GUBOUTREQID.
   361 | D:2      | 361 ||| DROPPING scroll of butterflies.
   363 | D:2      | 363 ||| Stepping ~*~*~tactically~*~*~ (cloud).
   367 | D:2      | HP: 3/14 [poisoned by you (poison gas)]
   370 | D:2      | HP: 1/14 [poisoned by you (poison gas)]
   645 | D:1      | Reached XP level 3. HP: 18/18 MP: 4/4
   751 | D:1      | 751 ||| READING scroll of identify.
   751 | D:1      | 751 ||| IDENTIFYING blue potion
   942 | D:2      | Reached XP level 4. HP: 22/22 MP: 5/5
  1261 | D:2      | Noticed Natasha
  1268 | D:2      | Killed Natasha
  1350 | D:2      | Reached XP level 5. HP: 26/26 MP: 6/6
  1465 | D:2      | Noticed Natasha
  1469 | D:2      | Killed Natasha
  1547 | D:2      | 1547 ||| UPGRADING to +5 ring of evasion.
  1548 | D:2      | 1548 ||| READING scroll labelled PUOBBAOTEMM.
  1549 | D:2      | 1549 ||| READING scroll labelled HEUTOROPAIZ.
  1549 | D:2      | 1549 ||| ENCHANTING +0 shortbow.
  1550 | D:2      | 1550 ||| READING scroll labelled AMIFIO HANAAPS.
  1553 | D:2      | 1553 ||| DRINKING 2 inky potions.
  1591 | D:2      | 1591 ||| DROPPING potion of lignification.
  2044 | D:3      | Reached skill level 6 in Ranged Weapons
  2044 | D:3      | Reached XP level 6. HP: 19/30 MP: 7/7
  2054 | D:3      | HP: 2/30 [gnoll/+0 flail (8)]
  2055 | D:3      | 2055 ||| READING scroll of teleportation.
  2056 | D:3      | 2056 ||| DRINKING potion of heal wounds.
  2404 | D:3      | HP: 4/30 [gnoll/+0 spear (10)]
  2407 | D:3      | Reached skill level 6 in Dodging
  2414 | D:3      | 2414 ||| FLEEEEING.
  2416 | D:3      | 2416 ||| FLEEEEING.
  2429 | D:3      | Mangled by a gnoll

Levels and vault maps discovered:
D:1:      nzn_arrival_crosshair, layout_basic, serial_glass, glass_columns_c,
          glass_columns_a, glass_columns_a, glass_columns_a, glass_columns_b,
          glass_columns_a, glass_columns_b, glass_columns_b,
          kennysheep_nondescript, hangedman_decor_opposing
D:2:      layout_loops_ring, uniq_natasha
D:3:      lemuel_castle_with_subvaults [lemuel_castle_interior_carwin_3],
          layout_basic, kennysheep_generic_room_10

Skill      XL: |  1  2  3  4  5  6 |
---------------+-------------------+-----
Dodging        | 3 4 5 6 |  6.0
Ranged Weapons | 5 6 |  6.1
Fighting       | 2 |  2.1
Stealth        | |  1.5

Action                     |  1- 3 |  4- 6 || total
---------------------------+-------+-------++-------
   Fire: Shortbow          |    98 |   222 ||   320
    Use: Scroll            |     3 |     4 ||     7
         Potion            |       |     2 ||     2
 Armour: Robe              |    13 |    29 ||    42
  Dodge: Dodged            |    33 |    81 ||   114

Table legend:
 A = Non-vault XP
 B = Vault XP
 C = Vault XP percentage of total XP
 D = Non-vault monster count
 E = Vault monster count
 F = Vault count percentage of total count
                 A         B        C        D         E       F
            +---------+---------+-------+---------+---------+-------
      Total |     227 |     264 |  53.8 |      70 |      31 |  30.7
            +---------+---------+-------+---------+---------+-------
        D:1 |      41 |       0 |   0.0 |      26 |       0 |   0.0
        D:2 |     156 |      36 |  18.8 |      29 |       1 |   3.3
        D:3 |      30 |     228 |  88.4 |      15 |      30 |  66.7
            +---------+---------+-------+---------+---------+-------
